 Dungeon Crawl Stone Soup version 0.23-a0-577-g2b1de94 (webtiles) character file.

502090 AverageBear the Axe Maniac (level 23, -18/188 HPs)
             Began as a Deep Dwarf Fighter on Dec 15, 2018.
             Was a High Priest of Makhleb.
             Demolished by a death yak (24 damage)
             ... summoned by a spriggan berserker
             ... on level 4 of the Depths.
             The game lasted 01:57:05 (41945 turns).

AverageBear the Axe Maniac (Deep Dwarf Fighter)    Turns: 41945, Time: 01:57:06

Health: -18/188    AC: 48    Str: 32      XL:     23   Next: 77%
Magic:  30/30      EV: 18    Int:  6 (9)  God:    Makhleb [*****.]
Gold:   3645       SH: 16    Dex: 11      Spells: 22/22 levels left

rFire    + . .     SeeInvis +   q - +1 broad axe of Moicym {venom, rElec rC+ MR+ MP+9}
rCold    + + +     Gourm    .   C - +1 shield {reflect}
rNeg     + + .     Faith    .   I - +0 ice dragon scales
rPois    .         Spirit   .   i - +2 helmet {SInv}
rElec    +         Reflect  +   X - +2 cloak {+Inv}
rCorr    .         Harm     .   c - +2 pair of gloves {Str+3}
MR       +++++     Rnd*Tele +   p - +2 pair of boots
Stlth    +.........             V - macabre finger necklace {rN+}
HPRegen  0.00/turn              A - ring of Gozag's Hope {rF+ rC+ Slay+6}
MPRegen  0.22/turn              u - ring of Robustness {AC+8}
                                R - ring of Jagy {rF+ Stlth+}

@: lethally poisoned (-18 -> -18), very slightly contaminated, non-regenerating,
drained
A: damage resistance, heal wounds, talons 1, molten scales 2, slimy green scales
1, clumsy 1, high mp 1, magic resistance 1, negative energy resistance 1, sense
surroundings 3, teleportitis 2, no potion heal 1, no regeneration
}: 3/15 runes: barnacled, slimy, gossamer
a: Heal Wounds, Minor Destruction, Lesser Servant of Makhleb, Major Destruction,
Greater Servant of Makhleb, Renounce Religion, Evoke Invisibility


You were on level 4 of the Depths.
You worshipped Makhleb.
Makhleb was extremely pleased with you.
You were near starving.

You visited 10 branches of the dungeon, and saw 47 of its levels.
You visited the Abyss 2 times.
You visited 1 bazaar.
You also visited: Ice Cave.

You collected 6513 gold pieces.
You spent 2868 gold pieces at shops.

Inventory:

Hand Weapons
 q - the +1 broad axe of Moicym (weapon) {venom, rElec rC+ MR+ MP+9}
   (You acquired it on level 1 of the Lair of Beasts)

   It poisons the flesh of those it strikes.
   It protects you from cold.
   It insulates you from electricity.
   It affects your resistance to hostile enchantments.
   It affects your magic capacity (+9).
Armour
 c - a +2 pair of gloves of strength (worn)
 i - a +2 helmet of see invisible (worn)
 p - a +2 pair of boots (worn)
 C - a +1 shield of reflection (worn)
 I - +0 ice dragon scales (worn)
 X - a +2 cloak of invisibility (worn)
Jewellery
 l - the cursed necklace of Bloodlust {*Rage +Rage MR++ Int-3 Slay+6 *Curse}
   (You bought it in a shop in a bazaar)

   [amulet of rage]

   It affects your intelligence (-3).
   It affects your accuracy and damage with ranged weapons and melee attacks
   (+6).
   It affects your resistance to hostile enchantments.
   It lets you go berserk.
   It may make you go berserk in combat.
   It curses itself when equipped.
   It has a curse placed upon it.
 u - the ring of Robustness (right hand) {AC+8}
   (You found it on level 2 of the Depths)

   [ring of protection]

   It affects your AC (+8).
 A - the ring of Gozag's Hope (left hand) {rF+ rC+ Slay+6}
   (You found it on level 1 of the Lair of Beasts)

   [ring of protection from fire]

   It affects your accuracy and damage with ranged weapons and melee attacks
   (+6).
   It protects you from fire.
   It protects you from cold.
 R - the ring of Jagy (on amulet) {rF+ Stlth+}
   (You found it on level 13 of the Dungeon)

   [ring of stealth]

   It protects you from fire.
   It makes you more stealthy.
 V - the macabre finger necklace (around neck) {rN+}
   (You took it off a deep elf knight on level 3 of the Elven Halls)

   [amulet of nothing]

   It protects you from negative energy.
 Y - a cursed ring of teleportation
 Z - an uncursed ring of resist corrosion
Wands
 e - a wand of clouds (8)
 z - a wand of digging (17)
 B - a wand of iceblast (12)
 D - a wand of acid (10)
 G - a wand of paralysis (33)
 S - a wand of disintegration (35)
Scrolls
 d - a scroll of identify
 g - 16 scrolls of remove curse
 j - 20 scrolls of teleportation
 k - 7 scrolls of enchant weapon
 s - a scroll of silence
 v - 9 scrolls of immolation
 y - 10 scrolls of fog
 F - 2 scrolls of enchant armour
 M - 6 scrolls of magic mapping
 N - 2 scrolls of brand weapon
 O - 5 scrolls of fear
 P - 3 scrolls of summoning
 Q - a scroll of holy word
Potions
 b - 2 potions of invisibility
 h - 6 potions of haste
 m - 2 potions of might
 n - 4 potions of cancellation
 o - 7 potions of flight
 r - 5 potions of agility
 x - 3 potions of brilliance
 E - 8 potions of curing
 H - a potion of ambrosia
 J - 3 potions of heal wounds
 K - 2 potions of magic
 L - a potion of resistance
Miscellaneous
 a - a lightning rod (4/4)
 w - a fan of gales
 T - a lamp of fire
 U - 4 phantom mirrors
 W - 2 boxes of beasts
Comestibles
 f - 66 rations


   Skills:
 + Level 7.4(7.1) Fighting
 O Level 27(26.5) Axes
 - Level 25.0(24.5) Armour
 - Level 15.0(14.6) Dodging
 - Level 15.0(14.6) Shields
 - Level 13.4(13.1) Evocations


You had 22 spell levels left.
You didn't know any spells.
Your spell library contained the following spells:

 Spells                   Type           Power        Failure   Level  Hunger
 Beastly Appendage        Tmut           #.....       61%         1    ##.....
 Confusing Touch          Hex            #.....       61%         1    ##.....
 Corona                   Hex            #......      61%         1    ##.....
 Freeze                   Ice            #...         61%         1    ##.....
 Magic Dart               Conj           #...         61%         1    ##.....
 Sting                    Conj/Pois      #...         61%         1    ##.....
 Summon Butterflies       Summ           #.......     61%         1    ##.....
 Blink                    Tloc           N/A          75%         2    ###....
 Call Imp                 Summ           #.......     75%         2    ###....
 Corpse Rot               Necr           N/A          75%         2    ###....
 Passwall                 Tmut/Erth      #.......     75%         2    ###....
 Searing Ray              Conj           #.....       75%         2    ###....
 Shroud of Golubria       Chrm/Tloc      #.........   75%         2    ###....
 Slow                     Hex            #.......     75%         2    ###....
 Sticks to Snakes         Tmut           #.......     75%         2    ###....
 Swiftness                Chrm/Air       #.......     75%         2    ###....
 Throw Frost              Conj/Ice       #.....       75%         2    ###....
 Call Canine Familiar     Summ           #.......     93%         3    ####...
 Confuse                  Hex            #.......     93%         3    ####...
 Conjure Flame            Conj/Fire      #.......     93%         3    ####...
 Dazzling Spray           Conj/Hex       #.....       93%         3    ####...
 Gell's Gravitas          Tloc           #.........   93%         3    ####...
 Inner Flame              Hex/Fire       #.......     93%         3    ####...
 Lesser Beckoning         Tloc           #.........   93%         3    ####...
 Mephitic Cloud           Conj/Pois/Air  #.......     93%         3    ####...
 Ozocubu's Armour         Chrm/Ice       #.......     93%         3    ####...
 Portal Projectile        Hex/Tloc       #.....       93%         3    ####...
 Recall                   Summ/Tloc      N/A          93%         3    ####...
 Spider Form              Tmut/Pois      #.........   93%         3    ####...
 Teleport Other           Tloc           #.......     93%         3    ####...
 Cause Fear               Hex            #.........   100%        4    #####..
 Force Lance              Conj/Tloc      #.......     100%        4    #####..
 Fulminant Prism          Conj/Hex       #.........   100%        4    #####..
 Ice Form                 Ice/Tmut       #.......     100%        4    #####..
 Iskenderun's Mystic Bla  Conj           #.......     100%        4    #####..
 Leda's Liquefaction      Hex/Erth       #.........   100%        4    #####..
 Passage of Golubria      Tloc           N/A          100%        4    #####..
 Petrify                  Tmut/Erth      #.......     100%        4    #####..
 Summon Ice Beast         Ice/Summ       #.......     100%        4    #####..
 Summon Lightning Spire   Summ/Air       #.......     100%        4    #####..
 Throw Icicle             Conj/Ice       #.......     100%        4    #####..
 Aura of Abjuration       Summ           #.........   100%        5    ######.
 Blade Hands              Tmut           #.........   100%        5    ######.
 Excruciating Wounds      Chrm/Necr      #.........   100%        5    ######.
 Lee's Rapid Deconstruct  Erth           #.........   100%        5    ######.
 Metabolic Englaciation   Hex/Ice        #.........   100%        5    ######.
 Silence                  Hex/Air        #.........   100%        5    ######.
 Summon Demon             Summ           #.........   100%        5    ######.
 Summon Forest            Summ/Tloc      #.........   100%        5    ######.
 Summon Mana Viper        Hex/Summ       #.......     100%        5    ######.
 Yara's Violent Unravell  Hex/Tmut       #.........   100%        5    ######.
 Conjure Ball Lightning   Conj/Air       #.........   100%        6    #######
 Darkness                 Hex            #.........   100%        6    #######
 Deflect Missiles         Chrm/Air       #.........   100%        6    #######
 Dispersal                Tloc           #.........   100%        6    #######
 Invisibility             Hex            #.......     100%        6    #######
 Shadow Creatures         Summ           N/A          100%        6    #######
 Malign Gateway           Summ/Tloc      #.........   100%        7    #######
 Summon Hydra             Summ           #.........   100%        7    #######
 Discord                  Hex            #.........   100%        8    #######
 Tornado                  Air            #.........   100%        9    #######


Dungeon Overview and Level Annotations

Branches:
Dungeon (15/15)            Temple (1/1) D:6            Lair (6/6) D:8
 Shoals (4/4) Lair:3       Spider (4/4) Lair:4        Slime (5/5) Lair:6
    Orc (2/2) D:11            Elf (3/3) Orc:2        Vaults (2/5) D:14
  Crypt (0/3) Vaults:2     Depths (5/5) D:15
    Zot: Depths:5

Altars:
Ashenzari
Cheibriados
Elyvilon
Fedhas
Gozag
Hepliaklqana
Kikubaaqudgha
Makhleb
Nemelex Xobeh
Okawaru
Qazlal
Ru
Trog
Uskayaw
Vehumet
Wu Jian
Xom
Yredelemnul
Zin
The Shining One
Beogh

Shops:
D:11 *   D:12 %   Orc:1 *   Orc:2 }![?   Elf:3 [   Shoals:4 :   Depths:1 }==

Portals:
Hell: Depths:1 Depths:2
Abyss: Depths:1 Depths:2
Pandemonium: Orc:2 Depths:3
Ziggurat: Depths:2

Annotations:
D:13 exclusion: oklob plant
Depths:3 exclusion: obsidian statue


Innate Abilities, Weirdness & Mutations

You are resistant to damage.
You can heal yourself by infusing magical energy.
You resist negative energy. (rN+)
You passively map a large area around you.
You do not regenerate.
You have sharp toenails.
You are mostly covered in molten scales. (AC +3)
You are partially covered in slimy green scales. (AC +2)
You are clumsy. (Dex -2)
You have an increased reservoir of magic. (+10% MP)
You are resistant to hostile enchantments. (MR+)
You are sometimes teleported next to monsters.
Potions are less effective at restoring your health.


Message History

The shadow dragon convulses!
The deep elf demonologist convulses!
The spriggan berserker convulses!
The spriggan defender convulses!
The storm dragon convulses!
The spriggan convulses!
The death yak convulses!
The elephant convulses!
The ice dragon convulses!
The spriggan air mage convulses!
The frost giant convulses!
The golden dragon convulses!
The spriggan defender convulses!
Your body is wracked with pain!
* * * LOW HITPOINT WARNING * * *
The storm dragon convulses!
The spriggan berserker convulses!
The sphinx convulses!
The red very ugly thing convulses!
The yaktaur convulses!
The tengu conjurer convulses!
The yaktaur convulses!
The frost giant convulses!
The tengu conjurer convulses!
The yaktaur captain convulses!
The spriggan air mage waves its arms in wide circles.
The air twists around and strikes you!
* * * LOW HITPOINT WARNING * * *
The spriggan berserker mumbles some strange prayers to Trog.
The spriggan berserker goes berserk!
The yaktaur captain begs for mercy.
The death yak gores you!!
You die...

,, ,
.≈≈...)T...c(..## ,
, , ≈
.≈≈.C...E.c.)..(# ,
* .≈≈..[...†......#
, ,
,,.......H.>c....##,
, , ,
,................#,
, ,
!..CD..2i4........ *
,,
......e1Di.......# ,
,,,
.....2iDYYi....## ,
, ,
......Di@.......# ,,
, ,,,
.......uR.....###
*,*
,,.....#Qi.....##**
, * , , ,
..#.....#....# ,, ,,
, .....Q.......# , ,
, .....>.......# ,,
** ,
,,.#c.<8<..#...# *,
* ,,, ,
....<........ , * ,
,, , , , , * *


You could see a shadow dragon, a golden dragon, a storm dragon, 2 frost giants,
a red very ugly thing, an Ice Fiend, an ice dragon (fleeing), a sphinx
(fleeing), a death yak (berserk), a yaktaur captain (fleeing), an elephant
(berserk), 2 spriggan defenders, a rakshasa, a deep elf demonologist, 2 spriggan
berserkers, an orange demon, a spriggan air mage, 2 yaktaurs, a water elemental,
a hellion, a tormentor, 2 tengu conjurers and a spriggan.

Vanquished Creatures
  Dissolution (Slime:4)
  the Royal Jelly (Slime:5)
  Margery (Vaults:2)
  Saint Roka (Vaults:2)
  Nikola (Spider:4)
  2 liches (Depths:1)
  3 deep elf blademasters
  Asterion (Elf:1)
  A tentacled monstrosity (Depths:5)
  2 krakens
  An ancient champion (Vaults:2)
  A deep elf master archer (Elf:3)
  3 tentacled starspawn (Abyss:3)
  Polyphemus (Shoals:4)
  27 acid blobs
  An Executioner (Abyss:3)
  A sphinx (D:12)
  2 tengu reavers
  2 storm dragons
  Ilsuiw (Shoals:2)
  22 azure jellies
  2 frost giants
  Louise (Shoals:4)
  2 vault wardens (Vaults:2)
  2 fire giants
  An iron dragon (Depths:2)
  3 ghost moths (Spider:4)
  An orc warlord (Orc:2)
  5 emperor scorpions
  4 ghouls (D:13)
  6 deep elf elementalists (Elf:3)
  17 very ugly things
  2 entropy weavers
  A war gargoyle (Depths:3)
  2 spriggan defenders (Depths:4)
  8 ironheart preservers
  8 stone giants
  A lorocyproca (Abyss:3)
  12 starcursed masses (Abyss:3)
  7 deep elf demonologists
  A yellow draconian (Abyss:5)
  6 deep elf annihilators
  8 spark wasps
  2 merfolk javelineers
  2 ettins (Depths:2)
  6 death oozes
  7 deep elf death magi
  The ghost of Widdershynns the Quickloader, a journeyman KoHu of Okawaru (D:13)
  4 crystal guardians (Depths:3)
  4 fire dragons
  Snorg (D:13)
  11 merfolk impalers
  9 great orbs of eyes
  3 yaktaur captains
  7 ogre magi
  Fannar (Orc:1)
  3 deep elf high priests
  2 vault guards (Vaults:2)
  4 ice dragons
  Harold (D:10)
  A death knight (Vaults:2)
  Erolcha (Orc:2)
  A rakshasa (Depths:2)
  7 hydras
  A catoblepas (Shoals:4)
  14 centaur warriors
  4 merfolk avatars
  A satyr (Shoals:3)
  An alligator snapping turtle (Shoals:4)
  2 spriggan air magi (Depths:2)
  4 merfolk aquamancers
  27 dancing weapons
  The ghost of Zaeriuf the Cleaver, a novice DrFi of Kikubaaqudgha (Lair:1)
  16 two-headed ogres
  6 deep troll shamans
  6 death yaks
  Urug (Orc:2)
  6 tengu warriors
  A vampire mage (Depths:5)
  12 orc high priests
  3 thrashing horrors (Abyss:5)
  10 hell knights
  7 deep troll earth magi
  27 deep elf knights
  A shadow wraith (Abyss:3)
  A sixfirhy (Abyss:3)
  A soul eater (Depths:1)
  Nergalle (Orc:1)
  2 fire crabs (Shoals:1)
  2 flayed ghosts
  2 deep trolls (shapeshifter)
  15 sea snakes
  A spatial maelstrom (Abyss:5)
  12 iron trolls (Depths:2)
  5 skeletal warriors (D:13)
  A spark wasp zombie (Depths:2)
  A swamp dragon (Lair:6)
  24 deep trolls
  3 wizards
  A torturous demonspawn (Orc:2)
  2 gelid demonspawn (Orc:2)
  An infernal demonspawn (Orc:2)
  A swamp dragon (shapeshifter) (Depths:3)
  7 glowing orange brains
  2 large abominations (Abyss:3)
  14 orc knights
  A harpy (shapeshifter) (Vaults:2)
  7 necromancers
  5 ironbrand convokers
  9 deep elf archers
  19 harpies
  A phantasmal warrior (Vaults:2)
  12 orb spiders
  4 oklob plants (Lair:6)
  17 manticores
  41 deep elf magi
  39 ugly things
  An orb spider (shapeshifter) (Vaults:1)
  7 cyclopes
  24 fauns
  A fire giant zombie (Depths:2)
  5 shining eyes
  29 wolf spiders
  A salamander (Depths:1)
  A manticore (shapeshifter) (Depths:3)
  11 orc sorcerers
  15 merfolk sirens
  Maurice (Orc:2)
  A worldbinder (Abyss:3)
  4 black mambas
  Joseph (D:7)
  7 elephants
  2 torpor snails
  An apocalypse crab (Abyss:3)
  4 moths of wrath
  A molten gargoyle (Depths:3)
  4 gargoyles (Depths:3)
  3 vault sentinels
  A naga mage (D:15)
  7 spiny frogs
  9 water nymphs
  2 eyes of devastation
  5 centaur skeletons
  8 rime drakes
  4 smoke demons
  A spectral swamp worm (Depths:5)
  13 komodo dragons
  7 ice devils
  2 tengu conjurers
  An efreet (D:14)
  21 yaktaurs
  A tormentor (Abyss:3)
  A hellwing (Depths:1)
  3 guardian mummies (D:13)
  2 jumping spiders (shapeshifter)
  36 merfolk
  6 demonic crawlers
  32 jumping spiders
  18 polar bears
  A meliai (shapeshifter) (D:12)
  3 meliai (D:14)
  A queen bee (D:8)
  9 trolls
  6 wind drakes
  Prince Ribbit (D:5)
  8 hornets
  164 slime creatures
  22 blink frogs
  A slime creature (shapeshifter) (D:12)
  3 raiju (Abyss:3)
  5 snapping turtles
  2 dream sheep (Shoals:3)
  A dream sheep (shapeshifter) (Abyss:5)
  21 hippogriffs
  2 meliai zombies (D:13)
  4 centaur simulacra
  3 small abominations
  A tarantella (shapeshifter) (Vaults:1)
  2 wraiths
  6 wyverns
  35 yaks
  46 redbacks
  8 air elementals
  22 tarantellas
  26 water elementals
  A fire bat (Shoals:1)
  12 basilisks
  Eustachio (D:6)
  4 fire elementals
  2 yaks (shapeshifter)
  4 golden eyes (Abyss:3)
  4 neqoxecs (Abyss:3)
  A hog (shapeshifter) (Depths:1)
  5 hungry ghosts
  9 vampire mosquitoes
  A steam dragon (Lair:6)
  6 wargs
  Menkaure (D:6)
  Edmund (D:6)
  An acid dragon (Lair:6)
  A soldier ant (shapeshifter) (Abyss:3)
  A two-headed ogre zombie (D:11)
  A soldier ant (D:14)
  2 floating eyes (shapeshifter) (Depths:3)
  10 water moccasins
  8 porcupines
  2 hell hounds
  A meliai simulacrum (D:13)
  58 orc warriors
  A water moccasin (shapeshifter) (Depths:1)
  3 swamp drakes (Lair:6)
  An ice beast (D:14)
  2 necrophages
  11 eyes of draining
  4 phantoms
  A sky beast (D:14)
  2 black bears
  16 ogres
  3 boggarts (Depths:1)
  28 wolves
  20 centaurs
  9 crocodiles
  A big kobold (D:9)
  Blork the orc (D:6)
  7 earth elementals
  A human simulacrum (Depths:2)
  16 bullfrogs
  2 water moccasin zombies
  2 wyvern zombies
  2 wyvern skeletons
  5 scorpions
  A hornet simulacrum (D:13)
  2 troll zombies (D:11)
  An orc simulacrum (Vaults:1)
  26 killer bees
  5 howler monkeys
  7 electric eels
  8 crimson imps
  9 centaur zombies
  A wyvern simulacrum (D:13)
  A quasit (D:15)
  2 bullfrog skeletons
  5 bullfrog zombies
  3 hounds
  2 jellies
  21 orc wizards
  38 orc priests
  2 iguanas
  2 hell rats (Lair:1)
  6 worker ants
  A bullfrog simulacrum (D:13)
  5 ogre zombies (D:11)
  A hound zombie (D:8)
  4 mummies (D:13)
  7 gnolls
  A howler monkey skeleton (D:5)
  11 adders
  8 river rats (Lair:1)
  4 shadow imps
  2 adder skeletons
  4 worms
  2 dart slugs
  7 leopard geckos
  108 orcs
  2 ball pythons
  7 giant cockroaches
  13 goblins
  18 hobgoblins
  20 kobolds
  7 quokkas
  5 bats
  2 frilled lizards
  A goblin zombie (D:11)
  4 hobgoblin zombies (D:11)
  A jackal skeleton (D:5)
  A leopard gecko skeleton (D:4)
  3 orc skeletons (D:11)
  17 orc zombies (D:11)
  17 rats
  A bush (Elf:3)
  A butterfly (Lair:2)
  2 crawling corpses (Elf:3)
  A fungus (D:15)
  8 plants
  2 starspawn tentacles (Abyss:3)
  7 tentacles
2088 creatures vanquished.

Vanquished Creatures (collateral kills)
  An orc warlord (Elf:2)
  2 orc knights (Elf:2)
  An orc warrior (Elf:2)
4 creatures vanquished.

Vanquished Creatures (others)
  3 deep elf master archers (Elf:3)
  A fire giant (Depths:2)
  A frost giant (Depths:5)
  A deep elf elementalist (Elf:3)
  A vampire knight (Depths:2)
  A stone giant (Depths:5)
  2 spark wasps (Depths:5)
  2 merfolk javelineers
  A centaur warrior (D:15)
  2 satyrs (Shoals:3)
  A deep troll shaman (Depths:5)
  A deep elf knight (Elf:1)
  A glowing orange brain (Depths:3)
  A wizard (D:15)
  A deep elf archer (Vaults:2)
  3 fauns
  A cyclops (Shoals:3)
  A komodo dragon (Lair:6)
  5 yaktaurs
  2 hornets (Depths:4)
  A slime creature (Slime:5)
  A water elemental (Elf:1)
  4 centaurs
  A wolf (IceCv)
  An orc priest (Orc:2)
  An adder skeleton (D:4)
  2 orcs (Elf:1)
  4 fungi
  14 plants
  11 starspawn tentacles (Abyss:3)
  9 tentacles
  3 toadstools (D:15)
  2 withered plants (D:13)
86 creatures vanquished.

Grand Total: 2178 creatures vanquished

Notes
Turn   | Place    | Note
-------+----------+-------------------------------------------
     0 | D:1      | AverageBear the Deep Dwarf Fighter began the quest for the
                  | Orb.
     0 | D:1      | Reached XP level 1. HP: 20/20 MP: 1/1
   208 | D:1      | Reached skill level 3 in Axes
   226 | D:1      | Reached XP level 2. HP: 27/27 MP: 2/2
   732 | D:1      | Reached XP level 3. HP: 29/33 MP: 3/3
   821 | D:2      | Found a hide-covered altar of Uskayaw.
   827 | D:2      | Reached skill level 4 in Axes
  1290 | D:2      | Reached XP level 4. HP: 29/40 MP: 4/4
  1493 | D:3      | Reached skill level 5 in Axes
  1682 | D:3      | Reached XP level 5. HP: 41/46 MP: 5/5
  1683 | D:3      | Reached skill level 6 in Axes
  1759 | D:3      | Reached skill level 1 in Dodging
  2154 | D:3      | Found a snail-covered altar of Cheibriados.
  2500 | D:4      | Found a radiant altar of Vehumet.
  2529 | D:4      | Reached XP level 6. HP: 47/55 MP: 6/6
  2891 | D:5      | Entered Level 5 of the Dungeon
  3099 | D:5      | Noticed Prince Ribbit
  3138 | D:5      | Killed Prince Ribbit
  3138 | D:5      | Reached skill level 5 in Armour
  3138 | D:5      | Reached XP level 7. HP: 41/61 MP: 6/6
  3307 | D:5      | Found a sparkling altar of Nemelex Xobeh.
  3310 | D:5      | Found a hazy altar of Hepliaklqana.
  3312 | D:5      | Found a shimmering altar of Xom.
  3313 | D:5      | Found a stormy altar of Qazlal.
  3777 | D:6      | Noticed Eustachio
  3782 | D:6      | Killed Eustachio
  3806 | D:6      | Found a staircase to the Ecumenical Temple.
  3815 | Temple   | Entered the Ecumenical Temple
  3841 | Temple   | Became a worshipper of Makhleb the Destroyer
  3922 | D:6      | Noticed Edmund
  3947 | D:6      | Killed Edmund
  3992 | D:6      | Noticed Menkaure
  4002 | D:6      | Killed Menkaure
  4002 | D:6      | Reached XP level 8. HP: 18/68 MP: 6/6
  4101 | D:6      | Noticed Blork the orc
  4112 | D:6      | Killed Blork the orc
  4112 | D:6      | Reached skill level 5 in Shields
  4729 | D:7      | Noticed Joseph
  4768 | D:7      | Killed Joseph
  4768 | D:7      | Gained mutation: You passively map the area around you.
                  | [Deep Dwarf growth]
  4768 | D:7      | Reached XP level 9. HP: 35/74 MP: 7/7
  4816 | D:7      | Reached * piety under Makhleb
  5070 | D:8      | Gained mutation: Scrolls take you a little longer to read.
                  | [potion of mutation]
  5070 | D:8      | Gained mutation: You have a somewhat thin skeletal
                  | structure. (Dex +2, Stealth) [potion of mutation]
  5071 | D:8      | Lost mutation: Scrolls take you a little longer to read.
                  | [potion of mutation]
  5071 | D:8      | Lost mutation: You have a somewhat thin skeletal structure.
                  | (Dex +2, Stealth) [potion of mutation]
  5071 | D:8      | Gained mutation: You are robust. (+10% HP) [potion of
                  | mutation]
  5071 | D:8      | Gained mutation: You have sharp fingernails. [potion of
                  | mutation]
  5080 | D:8      | Found a staircase to the Lair.
  5270 | D:8      | Reached skill level 10 in Shields
  5289 | D:8      | Noticed a queen bee
  5532 | D:8      | Reached ** piety under Makhleb
  5532 | D:8      | Reached skill level 7 in Axes
  5549 | D:8      | Killed a queen bee
  5595 | D:8      | Reached skill level 8 in Axes
  5732 | D:8      | Reached XP level 10. HP: 61/89 MP: 5/5
  5770 | D:8      | Found a faded altar of an unknown god.
  5770 | D:8      | Found an iron altar of Okawaru.
  5775 | D:8      | Found a blossoming altar of Fedhas.
  5777 | D:8      | Found a shattered altar of Ashenzari.
  5778 | D:8      | Found a basalt altar of Yredelemnul.
  6008 | D:9      | Noticed a two-headed ogre
  6020 | D:9      | Killed a two-headed ogre
  6020 | D:9      | Reached skill level 9 in Axes
  6235 | D:9      | Reached skill level 10 in Axes
  6382 | D:9      | Found an ancient bone altar of Kikubaaqudgha.
  6708 | D:10     | Entered Level 10 of the Dungeon
  6736 | D:10     | Reached skill level 11 in Axes
  6873 | D:10     | Noticed Harold
  6919 | D:10     | Killed Harold
  6919 | D:10     | Reached skill level 12 in Axes
  6985 | Lair:1   | Entered Level 1 of the Lair of Beasts
  6995 | Lair:1   | Noticed a spiny frog
  7016 | Lair:1   | Killed a spiny frog
  7257 | Lair:1   | Reached XP level 11. HP: 57/96 MP: 6/6
  7267 | Lair:1   | Reached *** piety under Makhleb
  7525 | Lair:1   | Noticed Zaeriuf's ghost (novice DrFi)
  7528 | Lair:1   | Found a runed door.
  7577 | Lair:1   | Noticed an ice dragon
  7590 | Lair:1   | Killed an ice dragon
  7605 | Lair:1   | Got a shimmering pewter ring
  7617 | Lair:1   | Identified the ring of Gozag's Hope {rF+ rC+ Slay+6} (You
                  | found it on level 1 of the Lair of Beasts)
  7748 | Lair:1   | Identified a scroll of acquirement
  7749 | Lair:1   | Got a translucent broad axe
  7750 | Lair:1   | Identified the +1 broad axe of Moicym {venom, rElec rC+ MR+
                  | MP+9} (You acquired it on level 1 of the Lair of Beasts)
  7765 | Lair:1   | Reached skill level 10 in Armour
  7857 | Lair:1   | Killed Zaeriuf's ghost
  7857 | Lair:1   | Reached skill level 5 in Dodging
  8137 | Lair:2   | Noticed an eight-headed hydra
  8357 | Lair:2   | Reached **** piety under Makhleb
  8407 | Lair:2   | Killed a 17-headed hydra
  8779 | Lair:3   | Noticed a four-headed hydra
  8814 | Lair:3   | Killed a 20-headed hydra
  8814 | Lair:3   | Reached skill level 10 in Dodging
  8849 | Lair:3   | Reached XP level 12. HP: 58/105 MP: 5/5
  9101 | Lair:3   | Found a staircase to the Shoals.
  9602 | Lair:4   | Found a hole to the Spider Nest.
  9662 | Lair:4   | Noticed a seven-headed hydra
  9662 | Lair:4   | Noticed an eight-headed hydra
 10277 | Lair:4   | Noticed a four-headed hydra
 10470 | Lair:5   | Noticed a seven-headed hydra
 10520 | Lair:6   | Entered Level 6 of the Lair of Beasts
 10547 | Lair:6   | Noticed a six-headed hydra
 10568 | Lair:6   | Killed a 15-headed hydra
 10736 | Lair:6   | Noticed a fire dragon
 10753 | Lair:6   | Found a staircase to the Slime Pits.
 10780 | Lair:6   | Noticed a five-headed hydra
 10853 | Lair:6   | Reached skill level 13 in Axes
 10853 | Lair:6   | Reached XP level 13. HP: 40/112 MP: 6/6
 11423 | D:11     | Found Xeneuhou's Assorted Antiques.
 11426 | D:11     | Bought a scroll labeled UGATHR LOJECA for 29 gold pieces
 11426 | D:11     | Bought 2 scrolls labeled FAFUBA QOCE for 58 gold pieces
 11426 | D:11     | Bought a scroll of identify for 58 gold pieces
 11497 | D:11     | Reached ***** piety under Makhleb
 11515 | D:11     | Found a staircase to the Orcish Mines.
 12047 | Orc:1    | Entered Level 1 of the Orcish Mines
 12070 | Orc:1    | Gained mutation: Armour fits poorly on your strangely
                  | shaped body. [a neqoxec]
 12075 | Orc:1    | Found a roughly hewn altar of Beogh.
 12124 | D:11     | Lost mutation: Armour fits poorly on your strangely shaped
                  | body. [potion of mutation]
 12124 | D:11     | Lost mutation: You have sharp fingernails. [potion of
                  | mutation]
 12124 | D:11     | Lost mutation: You are robust. (+10% HP) [potion of
                  | mutation]
 12124 | D:11     | Gained mutation: You are covered in fur. (AC +1) [potion of
                  | mutation]
 12124 | D:11     | Gained mutation: You are resistant to electric shocks.
                  | (rElec) [potion of mutation]
 12150 | Orc:1    | Noticed Nergalle
 12171 | Orc:1    | Killed Nergalle
 12171 | Orc:1    | Reached skill level 14 in Axes
 12272 | Orc:1    | Found Ymosoic's Assorted Antiques.
 12280 | Orc:1    | Found a roughly hewn altar of Beogh.
 12393 | Orc:1    | Found a bloodstained altar of Trog.
 12451 | Orc:2    | Entered Level 2 of the Orcish Mines
 12465 | Orc:2    | Noticed an orc warlord
 12481 | Orc:2    | Noticed Maurice
 12511 | Orc:2    | Found a staircase to the Elven Halls.
 12518 | Orc:2    | Noticed Erolcha
 12543 | Orc:2    | Found a frozen archway.
 12559 | Orc:2    | Killed Erolcha
 12569 | IceCv    | Entered an ice cave
 12582 | IceCv    | Reached ****** piety under Makhleb
 12660 | IceCv    | Reached skill level 15 in Axes
 12920 | IceCv    | Noticed a frost giant
 12940 | IceCv    | Reached skill level 16 in Axes
 12951 | IceCv    | Killed a frost giant
 13111 | Orc:2    | Killed an orc warlord
 13161 | Orc:2    | Killed Maurice
 13366 | Orc:2    | Gained mutation: You resist negative energy. (rN+) [Deep
                  | Dwarf growth]
 13366 | Orc:2    | Reached XP level 14. HP: 106/109 MP: 7/7
 13502 | Orc:2    | Found Baroohai's Distillery.
 13506 | Orc:2    | Found Ynlery's Magic Scroll Emporium.
 13547 | Orc:2    | Reached skill level 17 in Axes
 13568 | Orc:2    | Bought a scroll of acquirement for 832 gold pieces
 13740 | Orc:2    | Noticed Urug
 13751 | Orc:2    | Killed Urug
 13821 | Orc:2    | Found a roughly hewn altar of Beogh.
 14118 | Orc:2    | Reached skill level 18 in Axes
 14180 | Orc:2    | Found Tucyiqam's Gadget Shop.
 14180 | Orc:2    | Found Gafrez's Antique Armour Boutique.
 14185 | Orc:2    | Found a one-way gate leading to the halls of Pandemonium.
 14198 | Orc:2    | Bought a fine chain mail for 304 gold pieces
 14198 | Orc:2    | Bought a pair of runed gloves for 240 gold pieces
 14208 | Orc:2    | Bought a pair of runed gloves for 240 gold pieces
 14210 | Orc:2    | Identified the cursed +0 chain mail of Slovenliness {*Drain
                  | +Blink +Fly rC+++} (You bought it in a shop on level 2 of
                  | the Orcish Mines)
 14466 | Orc:1    | Noticed Fannar
 14503 | Orc:1    | Killed Fannar
 14887 | D:12     | Reached skill level 15 in Armour
 14890 | D:12     | Noticed a sphinx
 14917 | D:12     | Killed a sphinx
 15177 | D:12     | Found Inenwuecs's Food Emporium.
 15429 | D:13     | Noticed a ghoul
 15429 | D:13     | Noticed a ghoul
 15458 | D:13     | Killed a ghoul
 15475 | D:13     | Killed a ghoul
 15475 | D:13     | Reached XP level 15. HP: 86/115 MP: 8/8
 15660 | D:13     | Found a runed gate.
 15660 | D:13     | Found a runed gate.
 15660 | D:13     | Found a runed gate.
 15851 | D:13     | Noticed Snorg
 15866 | D:13     | Killed Snorg
 15870 | D:13     | Found a hazy altar of Hepliaklqana.
 16008 | D:13     | Noticed Widdershynns's ghost (journeyman KoHu)
 16031 | D:13     | Killed Widdershynns's ghost
 16070 | D:13     | Got the ring of Impotyot {Fire}
 16073 | D:13     | Got a transparent pewter ring
 16076 | D:13     | Identified the ring of Jagy {rF+ Stlth+} (You found it on
                  | level 13 of the Dungeon)
 16078 | D:13     | Identified the ring of Impotyot {Fire rPois} (You found it
                  | on level 13 of the Dungeon)
 16392 | D:14     | Found a gate to the Vaults.
 17323 | D:15     | Entered Level 15 of the Dungeon
 17383 | D:15     | Noticed a tengu reaver
 17386 | D:15     | Noticed a storm dragon
 17406 | D:15     | Killed a tengu reaver
 17414 | D:15     | Killed a storm dragon
 17600 | D:15     | Reached XP level 16. HP: 121/121 MP: 9/9
 17672 | D:15     | Reached skill level 15 in Shields
 18396 | D:15     | Found a staircase to the Depths.
 20407 | Elf:1    | Entered Level 1 of the Elven Halls
 20477 | Elf:1    | Reached skill level 1 in Evocations
 20562 | Elf:1    | Noticed a Brimstone Fiend
 20595 | Elf:1    | Reached skill level 5 in Evocations
 20596 | Elf:1    | Noticed a Hell Sentinel
 20599 | Elf:1    | Noticed a Tzitzimitl
 21067 | Elf:1    | Got a crude buckler
 21078 | Elf:1    | Identified the -2 buckler of Anarchy {Str+8 Slay-3 Stlth+}
                  | (You found it on level 1 of the Elven Halls)
 21270 | Elf:1    | Reached XP level 17. HP: 129/129 MP: 16/16
 21313 | Elf:1    | Noticed Asterion
 21338 | Elf:1    | Killed Asterion
 21338 | Elf:1    | Reached skill level 10 in Evocations
 22815 | Elf:2    | Found a runed gate.
 22815 | Elf:2    | Found a runed gate.
 22817 | Elf:2    | Found a runed gate.
 23126 | Elf:2    | Noticed a deep elf blademaster
 23142 | Elf:2    | Killed a deep elf blademaster
 23142 | Elf:2    | Reached skill level 5 in Fighting
 23481 | Elf:3    | Entered Level 3 of the Elven Halls
 23628 | Elf:3    | Found Sesew's Armour Emporium.
 23632 | Elf:3    | Bought a +0 helmet of see invisible for 184 gold pieces
 24450 | Elf:3    | Noticed a deep elf master archer
 24455 | Elf:3    | Killed a deep elf master archer
 24460 | Elf:3    | Noticed a deep elf master archer
 24528 | Elf:3    | Noticed a deep elf blademaster
 24536 | Elf:3    | Killed a deep elf master archer
 24544 | Elf:3    | Gained mutation: You passively map a large area around you.
                  | [Deep Dwarf growth]
 24544 | Elf:3    | Reached XP level 18. HP: 122/147 MP: 21/21
 24569 | Elf:3    | Noticed an Ice Fiend
 24880 | Elf:3    | Identified the +5 plate armour of Iluigh {Slay+2}
 25178 | Elf:3    | Identified the Tome of Dislocated Unholy Rituals
 25619 | Spider:1 | Entered Level 1 of the Spider Nest
 26087 | Spider:2 | Reached skill level 19 in Axes
 27328 | Spider:4 | Entered Level 4 of the Spider Nest
 27406 | Spider:4 | Identified the +2 helmet of the Eleven Curses {rPois rF+
                  | Regen+} (You acquired it on level 4 of the Spider Nest)
 27452 | Spider:4 | Reached skill level 20 in Axes
 27519 | Spider:4 | Noticed Nikola
 27536 | Spider:4 | Killed Nikola
 27969 | Spider:4 | Reached XP level 19. HP: 154/154 MP: 22/22
 28414 | Spider:4 | Got a gossamer rune of Zot
 28595 | Shoals:1 | Entered Level 1 of the Shoals
 28877 | Shoals:1 | Reached skill level 21 in Axes
 29551 | Shoals:2 | Noticed Ilsuiw
 29582 | Shoals:2 | Killed Ilsuiw
 29675 | Shoals:2 | Identified the +0 scale mail "Teextis" {*Drain rElec Int-5
                  | Dex+7} (You found it on level 2 of the Shoals)
 30173 | Shoals:3 | Reached skill level 22 in Axes
 30880 | Shoals:4 | Entered Level 4 of the Shoals
 31064 | Shoals:4 | Found Calyucli's Book Boutique.
 31107 | Shoals:4 | Reached XP level 20. HP: 162/162 MP: 23/23
 31262 | Shoals:4 | Noticed Polyphemus
 31276 | Shoals:4 | Killed Polyphemus
 31280 | Shoals:4 | Reached skill level 23 in Axes
 31492 | Shoals:4 | Identified the +1 leather armour of Qazlal's Esteem {rF+
                  | rN+} (You found it on level 4 of the Shoals)
 31623 | Shoals:4 | Noticed Louise
 31653 | Shoals:4 | Killed Louise
 31737 | Shoals:4 | Got a barnacled rune of Zot
 32036 | Slime:1  | Entered Level 1 of the Pits of Slime
 32094 | Slime:1  | Gained mutation: You are weak. (Str -2) [a shining eye]
 32101 | Slime:1  | Gained mutation: You are partially covered in molten
                  | scales. (AC +2) [a shining eye]
 32116 | Slime:1  | Gained mutation: You are occasionally teleported next to
                  | monsters. [a shining eye]
 32173 | Slime:1  | Reached skill level 24 in Axes
 33206 | Slime:4  | Reached skill level 25 in Axes
 33588 | Slime:3  | Gained mutation: Potions are less effective at restoring
                  | your health. [a shining eye]
 33593 | Slime:3  | Reached XP level 21. HP: 155/169 MP: 17/24
 33598 | Slime:3  | Gained mutation: Your magical capacity is low. (-10% MP) [a
                  | shining eye]
 33600 | Slime:3  | Gained mutation: You are dopey. (Int -2) [a shining eye]
 33718 | Slime:5  | Entered Level 5 of the Pits of Slime
 33745 | Slime:5  | Gained mutation: Your body sometimes deteriorates upon
                  | taking damage. [a shining eye]
 33749 | Slime:5  | Gained mutation: You are sometimes teleported next to
                  | monsters. [a shining eye]
 33760 | Slime:5  | Noticed Dissolution
 33777 | Slime:5  | Paralysed by a floating eye for 3 turns
 33794 | Slime:5  | Paralysed by a floating eye for 3 turns
 33877 | Slime:4  | Gained mutation: You occasionally shout uncontrollably at
                  | your foes. [a shining eye]
 33878 | Slime:4  | Gained mutation: Your magical capacity is very low. (-20%
                  | MP) [a shining eye]
 33880 | Slime:4  | Killed Dissolution
 33928 | Slime:5  | Noticed the Royal Jelly
 33987 | Slime:5  | Reached skill level 26 in Axes
 34011 | Slime:5  | Killed the Royal Jelly
 34126 | Slime:4  | Lost mutation: Your body sometimes deteriorates upon taking
                  | damage. [potion of mutation]
 34126 | Slime:4  | Lost mutation: You are resistant to electric shocks.
                  | (rElec) [potion of mutation]
 34126 | Slime:4  | Lost mutation: You occasionally shout uncontrollably at
                  | your foes. [potion of mutation]
 34126 | Slime:4  | Lost mutation: Your magical capacity is very low. (-20% MP)
                  | [potion of mutation]
 34126 | Slime:4  | Gained mutation: You are resistant to hostile enchantments.
                  | (MR+) [potion of mutation]
 34126 | Slime:4  | Lost mutation: Your magical capacity is low. (-10% MP)
                  | [potion of mutation]
 34321 | Slime:5  | Got a slimy rune of Zot
 34333 | Slime:5  | Identified the +9 great sword "Uzeypn" {pain, Str+2} (You
                  | found it on level 5 of the Pits of Slime)
 34348 | Slime:5  | Identified the Collected Works on Dusty Summoning
 34406 | Slime:5  | Got a wavering lapis lazuli ring
 34407 | Slime:5  | Identified the ring of Cosene {Wiz rN++ MR+ Str-3} (You
                  | found it on level 5 of the Pits of Slime)
 34960 | Vaults:1 | Entered Level 1 of the Vaults
 34990 | D:14     | Lost mutation: You are dopey. (Int -2) [potion of mutation]
 34990 | D:14     | Lost mutation: You are weak. (Str -2) [potion of mutation]
 34990 | D:14     | Gained mutation: You are mostly covered in molten scales.
                  | (AC +3) [potion of mutation]
 34990 | D:14     | Gained mutation: You have sharp toenails. [potion of
                  | mutation]
 35381 | Vaults:1 | Identified the +6 scale mail of the Tuna {rF+ Dex+3 SInv}
                  | (You found it on level 1 of the Vaults)
 36158 | Vaults:2 | Gained mutation: Scrolls take you a little longer to read.
                  | [a neqoxec]
 36166 | Vaults:2 | Reached skill level 27 in Axes
 36238 | Vaults:2 | Identified the cursed +3 trident of Osyph {flame, rF- Int+8
                  | Dex+2 SInv}
 36255 | Vaults:2 | Noticed Saint Roka
 36282 | Vaults:2 | Killed Saint Roka
 36409 | Vaults:2 | Reached XP level 22. HP: 176/176 MP: 22/22
 36507 | Vaults:2 | Noticed Margery
 36575 | Vaults:2 | Cast into level 3 of the Abyss (hell knight)
 36806 | Abyss:3  | Paralysed by accursed screaming for 2 turns
 36814 | Abyss:3  | Paralysed by accursed screaming for 2 turns
 36856 | Abyss:3  | Gained mutation: Your magical capacity is low. (-10% MP) [a
                  | neqoxec]
 36896 | Vaults:2 | Escaped the Abyss
 36903 | Vaults:2 | Lost intelligence.
 37468 | Vaults:2 | Found a staircase to the Crypt.
 37521 | Vaults:2 | Killed Margery
 38181 | Depths:1 | Entered Level 1 of the Depths
 38286 | Depths:1 | Found a gateway to Hell.
 38401 | Depths:1 | Found a one-way gate to the infinite horrors of the Abyss.
 38744 | Depths:1 | Found Gaopn's Gadget Shoppe.
 38744 | Depths:1 | Found Vekerer's Jewellery Shop.
 38746 | Depths:1 | Found Kiurusua's Jewellery Shop.
 39101 | Depths:2 | Reached XP level 23. HP: 182/182 MP: 17/17
 39357 | Orc:2    | Bought a potion of mutation for 104 gold pieces
 39357 | Orc:2    | Lost mutation: You are covered in fur. (AC +1) [potion of
                  | mutation]
 39357 | Orc:2    | Lost mutation: Scrolls take you a little longer to read.
                  | [potion of mutation]
 39357 | Orc:2    | Gained mutation: You are highly resistant to hostile
                  | enchantments. (MR++) [potion of mutation]
 39357 | Orc:2    | Gained mutation: You are partially covered in slimy green
                  | scales. (AC +2) [potion of mutation]
 39391 | Orc:2    | Bought a steaming chain mail for 304 gold pieces
 39391 | Orc:2    | Identified the +7 chain mail of Likhloug {Stlth+} (You
                  | bought it in a shop on level 2 of the Orcish Mines)
 39867 | Depths:2 | Found a gateway to a ziggurat.
 40113 | Depths:2 | Found a transporter.
 40350 | Depths:2 | Found the ring of Robustness {AC+8}
 40992 | Depths:2 | Cast into level 5 of the Abyss (the power of Zot)
 40992 | Abyss:5  | Entered Level 5 of the Abyss
 40992 | Abyss:5  | Found a corrupted altar of Lugonu.
 41021 | Abyss:5  | Found a corrupted altar of Lugonu.
 41207 | Depths:2 | Escaped the Abyss
 41208 | Depths:2 | Found a transporter.
 41256 | Depths:2 | Identified the Catalogue of Excruciating Bewitchment
 41284 | Depths:2 | Got a scorched turquoise ring
 41286 | Depths:2 | Identified the ring "Uhum Sua" {Fire +Blink} (You found it
                  | on level 2 of the Depths)
 41299 | Depths:2 | Got a heavily runed golden amulet
 41306 | Depths:2 | Identified the amulet "Edofrate" {Faith rN+ Int+8 Dex-3}
                  | (You found it on level 2 of the Depths)
 41390 | Depths:2 | Lost mutation: You have sharp toenails. [potion of
                  | mutation]
 41390 | Depths:2 | Lost mutation: Your magical capacity is low. (-10% MP)
                  | [potion of mutation]
 41390 | Depths:2 | Lost mutation: You are highly resistant to hostile
                  | enchantments. (MR++) [potion of mutation]
 41390 | Depths:2 | Gained mutation: Your muscles are strong. (Str +2) [potion
                  | of mutation]
 41390 | Depths:2 | Gained mutation: Your muscles are very strong. (Str +4)
                  | [potion of mutation]
 41391 | Depths:2 | Lost mutation: Your muscles are very strong. (Str +4)
                  | [potion of mutation]
 41391 | Depths:2 | Lost mutation: Your muscles are strong. (Str +2) [potion of
                  | mutation]
 41391 | Depths:2 | Gained mutation: Your body sometimes deteriorates upon
                  | taking damage. [potion of mutation]
 41391 | Depths:2 | Gained mutation: You are clumsy. (Dex -2) [potion of
                  | mutation]
 41391 | Depths:2 | Gained mutation: You have sharp toenails. [potion of
                  | mutation]
 41391 | Depths:2 | Gained mutation: Your spells are a little harder to cast,
                  | but a little more powerful. [potion of mutation]
 41582 | Depths:3 | Lost mutation: Your body sometimes deteriorates upon taking
                  | damage. [potion of mutation]
 41582 | Depths:3 | Lost mutation: You have sharp toenails. [potion of
                  | mutation]
 41582 | Depths:3 | Lost mutation: Your spells are a little harder to cast, but
                  | a little more powerful. [potion of mutation]
 41582 | Depths:3 | Gained mutation: You have an increased reservoir of magic.
                  | (+10% MP) [potion of mutation]
 41582 | Depths:3 | Gained mutation: You have sharp toenails. [potion of
                  | mutation]
 41686 | Depths:3 | You fall through a shaft for 2 floors!
 41686 | Depths:5 | Entered Level 5 of the Depths
 41715 | Depths:5 | Noticed a caustic shrike
 41743 | Depths:5 | Found a flickering gateway to a bazaar.
 41751 | Bazaar   | Entered a bazaar
 41751 | Bazaar   | Found Juaseeto's Assorted Antiques.
 41753 | Bazaar   | Found Saic's Assorted Antiques.
 41775 | Bazaar   | Found Muxzallyxe's Jewellery Boutique.
 41779 | Bazaar   | Bought the cursed necklace of Bloodlust {*Rage +Rage MR++
                  | Int-3 Slay+6 *Curse} for 484 gold pieces
 41779 | Bazaar   | Found the cursed necklace of Bloodlust {*Rage +Rage MR++
                  | Int-3 Slay+6 *Curse}
 41781 | Bazaar   | Found Cocru's Assorted Antiques.
 41795 | Bazaar   | Found Viab's Antique Weapon Shoppe.
 41852 | Bazaar   | Bought a cursed ring of teleportation for 31 gold pieces
 41880 | Depths:5 | Reached skill level 15 in Dodging
 41944 | Depths:4 | HP: 3/188 [death yak[a spriggan berserker] (22)]
 41945 | Depths:4 | Demolished by a death yak

Vault maps used:
D:1:      enne_arrival_octagon_isle
D:2:      kennysheep_big_flooded_room, lemuel_round_altar
D:3:      lemuel_coloured_pillars_altar, first_ration
D:4:      corexii_shantytown, fiery_altar_vehumet
D:5:      minitemple, uniq_prince_ribbit1
D:6:      minmay_temple_entry_statues_fountains, uniq_eustachio,
          uniq_blork_the_orc, uniq_menkaure, uniq_edmund
D:7:      uniq_joseph
D:8:      chequers_temple_overflow_minitemple, lair_entry_dummy, david_nohive_1
D:9:      lemuel_crystal_altar, skrybe_limestone_x, small_chamber_with_monster
D:10:     cheibrodos_elevator_heist, uniq_erica, uniq_harold
D:11:     zombieorc2_lemuel, serial_shops, kennysheep_mini
D:12:     hangedman_cross_veins, serial_shops, kennysheep_mini_moat
D:13:     gammafunk_ghost_icy, serial_undead, serial_undead_f, serial_undead_a,
          serial_undead_a, serial_undead_a, serial_undead_f, serial_undead_e,
          serial_undead_c, serial_undead_b, serial_undead_d, serial_undead_c,
          lemuel_oklob_altar, uniq_snorg
D:14:     skrybe_vaults_entry_preservation, kennysheep_pointless_box,
          st_stairs_3
D:15:     grunt_enter_depths_magical_seal, minmay_gold_behind_fungi,
          hangedman_corner_corridor
Temple:   eino_wide_crystal_templ
Lair:1:   dragon1_lemuel, hellmonk_ghost_happy_afterlife,
          kennysheep_abandoned_house
Lair:2:   grunt_megastairs_4, lemuel_fruit_fields
Lair:3:   minmay_shoals_entry_hut, minmay_stone_trees_small
Lair:4:   nicolae_spider_entry_orb_guardian, grunt_megastairs_3
Lair:5:   grunt_megastairs_2
Lair:6:   guppyfry_lair_end_dragon, slime_dummy, grunt_forest_small_clearings,
          minmay_lair_oklob_chamber, infiniplex_staircase_pool_2,
          serial_bayou_shore_a
Shoals:1: hangedman_shoal_volcano
Shoals:2: nicolae_shoals_cliffside_cave, nicolae_shoals_wave_tunnel, uniq_ilsuiw
Shoals:4: shoals_end_simple, serial_shops, nicolae_shop_window_shopping,
          centaur_isle, uniq_polyphemus, uniq_louise
Spider:4: spider_rune_water, uniq_nikola
Slime:5:  uniq_dissolution
Orc:1:    serial_shops, shop_statue, hangedman_feature_mirror,
          trog_hazing_becter, uniq_fannar, uniq_nergalle
Orc:2:    pf_orc_diabolical, portal_ice_cave_demonic_guard, bh_open_orc_temple,
          uniq_erolcha, uniq_urug, uniq_maurice
Elf:1:    kennysheep_blocky_room, orc_legates, minivault_16, uniq_asterion
Elf:2:    special_room, minmay_misc_feat_cross
Elf:3:    minmay_elf_hall_circle, serial_shops, nicolae_shop_trees
Vaults:1: nicolae_vaults_what_the_h, ontoclasm_vaults_misaligned,
          nicolae_vaults_little_squares_3, ontoclasm_vaults_tryst,
          dpeg_vaults_monster_box, nicolae_vaults_rhombus_7,
          ontoclasm_vaults_chip, vaults_room_corners
Vaults:2: vaults_mumra_hexcomb, st_spiral_rooms,
          minmay_crypt_entry_simple_plaza, v_rooms_1, vaults_dpeg_diagonal,
          uniq_margery, uniq_saint_roka
Depths:1: abyss_entry_crystal, hellmouth_1, item_on_display_a,
          infiniplex_staircase_pool_lava, minmay_shop_grove, firewood_loft
Depths:2: gammafunk_its_a_trap, enter_ziggurat_b, abyss_entry, hell_entry,
          minmay_guarded_unrand_robustness
Depths:3: radiant_caverns_a_rkd, pan_entry, hell_entry
Depths:4: due_chaos_kobolds, abyss_entry, kennysheep_donut,
          grunt_hell_entry_dis_old, minmay_misc_feat_plants, evilmike_ambush
Depths:5: grunt_zot_entry_bicorn, pf_hell_entry_tar_river, serial_shops,
          freezing_bzr, columned_hall_lemuel, gammafunk_ghost_split,
          grunt_decor_mini_mirrors
Abyss:3:  hangedman_steaming_rock, nicolae_abyss_rune_star_stuff,
          hangedman_elemental_corridor
Abyss:5:  onia_ninara_dug_in_and_dangerous, evilmike_abyss_rune_siren_acolytes,
          guppyfry_abyss_exit_imp_island
Bazaar:   bazaar_kb_twisted_cavern
IceCv:    ice_cave_caverns_03

Skill      XL: |  1  2  3  4  5  6  7  8  9 10 11 12 13 14 15 16 17 18 19 20 21 22 23 |
---------------+----------------------------------------------------------------------+-----
Axes           | 3 4 5 6 8 12 13 16 18 20 22 25 27 | 27.0
Dodging        | 3 4 10 14 15 | 15.0
Armour         | 5 8 10 14 16 17 18 19 20 23 25 | 25.0
Shields        | 8 11 14 15 | 15.0
Evocations     | 9 13 | 13.4
Fighting       | 6 7 |  7.4

Action                   |  1- 3 |  4- 6 |  7- 9 | 10-12 | 13-15 | 16-18 | 19-21 | 22-24 || total
-------------------------+-------+-------+-------+-------+-------+-------+-------+-------++-------
Melee: War axe           |   121 |   221 |   481 |   360 |       |       |       |       ||  1183
       Broad axe         |       |       |       |   364 |  1372 |  1571 |  1777 |  1274 ||  6358
Throw: Throwing net      |       |       |     1 |       |       |       |       |       ||     1
 Abil: Heal Wounds       |       |     4 |     9 |     8 |     1 |     6 |    14 |    11 ||    53
       Evoke Invisibilit |       |       |       |       |       |     5 |       |       ||     5
Evoke: Wand              |       |       |       |     6 |     9 |     9 |     9 |     3 ||    36
       Box of beasts     |       |       |       |       |       |     1 |       |       ||     1
       Lamp of fire      |       |       |       |       |       |       |     1 |       ||     1
  Use: Scroll            |     5 |     6 |     4 |     8 |    11 |    14 |    13 |     7 ||    68
       Potion            |       |     2 |    10 |    11 |     5 |     4 |    11 |    11 ||    54
 Stab: Invisible         |       |     3 |       |    16 |       |    29 |       |       ||    48
       Confused          |       |       |       |     1 |       |       |       |       ||     1
       Distracted        |       |       |       |       |       |     1 |       |       ||     1
  Eat: Chunk             |     1 |     7 |    13 |    16 |    24 |    34 |    19 |    12 ||   126
       Ration            |       |       |     1 |     2 |       |     1 |     3 |     2 ||     9
Armor: Scale mail        |    56 |    28 |       |       |       |       |       |       ||    84
       Chain mail        |       |    40 |   229 |   136 |       |       |       |       ||   405
       Skin              |       |       |   149 |       |       |       |       |       ||   149
       Ice dragon scales |       |       |       |   339 |   500 |   406 |   779 |   495 ||  2519
Dodge: Dodged            |    37 |    37 |   169 |   549 |   667 |   549 |   946 |   634 ||  3588
Block: Shield            |    67 |   136 |   466 |   496 |       |  1194 |  1861 |  1073 ||  5293
       Reflection        |       |     5 |     4 |     1 |    22 |    48 |   166 |    81 ||   327
       Buckler           |       |       |       |   186 |   676 |     7 |       |       ||   869
       Other             |       |       |       |       |     6 |       |       |       ||     6

Table legend:
 A = Non-vault XP
 B = Vault XP
 C = Vault XP percentage of total XP
 D = Non-vault monster count
 E = Vault monster count
 F = Vault count percentage of total count
                 A         B        C        D         E       F
            +---------+---------+-------+---------+---------+-------
      Total |  549723 |  405503 |  42.5 |    1313 |     770 |  37.0
            +---------+---------+-------+---------+---------+-------
        D:1 |      42 |       0 |   0.0 |      26 |       0 |   0.0
        D:2 |      54 |       4 |   6.9 |      13 |       2 |  13.3
        D:3 |     230 |       0 |   0.0 |      38 |       0 |   0.0
        D:4 |      72 |      99 |  57.9 |       8 |      29 |  78.4
        D:5 |     127 |     283 |  69.0 |       9 |       1 |  10.0
        D:6 |     385 |     628 |  62.0 |      13 |       4 |  23.5
        D:7 |     829 |     471 |  36.2 |      17 |       1 |   5.6
        D:8 |    1312 |    1178 |  47.3 |      20 |      15 |  42.9
        D:9 |    2391 |      76 |   3.1 |      26 |       1 |   3.7
       D:10 |     631 |    1295 |  67.2 |       4 |       4 |  50.0
       D:11 |    1623 |     716 |  30.6 |      16 |      36 |  69.2
       D:12 |    3830 |    8985 |  70.1 |      26 |      20 |  43.5
       D:13 |    8274 |   17964 |  68.5 |      37 |      37 |  50.0
       D:14 |    9153 |    4800 |  34.4 |      32 |      12 |  27.3
       D:15 |   17907 |   11003 |  38.1 |      43 |      16 |  27.1
     Lair:1 |    2363 |    2165 |  47.8 |      11 |      19 |  63.3
     Lair:2 |    5114 |     462 |   8.3 |      22 |       4 |  15.4
     Lair:3 |    6278 |     256 |   3.9 |      22 |       1 |   4.3
     Lair:4 |    2766 |    1569 |  36.2 |       8 |       2 |  20.0
     Lair:5 |    4169 |    7014 |  62.7 |      17 |      28 |  62.2
     Lair:6 |   11616 |    8874 |  43.3 |      37 |      25 |  40.3
   Shoals:1 |   27653 |    3773 |  12.0 |      55 |       9 |  14.1
   Shoals:2 |    9705 |    6224 |  39.1 |      19 |      12 |  38.7
   Shoals:3 |   27815 |       0 |   0.0 |      48 |       0 |   0.0
   Shoals:4 |    9137 |   31507 |  77.5 |      16 |      46 |  74.2
   Spider:1 |   11507 |       0 |   0.0 |      38 |       0 |   0.0
   Spider:2 |   12389 |       0 |   0.0 |      33 |       0 |   0.0
   Spider:3 |    7447 |       0 |   0.0 |      16 |       0 |   0.0
   Spider:4 |   15515 |   26705 |  63.3 |      40 |      41 |  50.6
    Slime:1 |   26075 |       0 |   0.0 |      41 |       0 |   0.0
    Slime:2 |   22934 |       0 |   0.0 |      39 |       0 |   0.0
    Slime:3 |   18237 |       0 |   0.0 |      31 |       0 |   0.0
    Slime:4 |   15680 |   15089 |  49.0 |      27 |       1 |   3.6
    Slime:5 |   21217 |   29356 |  58.0 |      33 |      15 |  31.2
      Orc:1 |    3241 |    3088 |  48.8 |      32 |      11 |  25.6
      Orc:2 |    5686 |   20424 |  78.2 |      43 |      73 |  62.9
      Elf:1 |   14242 |   17074 |  54.5 |      26 |      35 |  57.4
      Elf:2 |   16172 |   30867 |  65.6 |      28 |      50 |  64.1
      Elf:3 |    9819 |   39641 |  80.1 |      22 |      28 |  56.0
   Vaults:1 |    8509 |   16697 |  66.2 |      11 |      27 |  71.1
   Vaults:2 |   56965 |   34737 |  37.9 |      87 |      46 |  34.6
   Depths:1 |   41194 |    1319 |   3.1 |      54 |       4 |   6.9
   Depths:2 |   41248 |   13935 |  25.3 |      52 |      16 |  23.5
   Depths:3 |       0 |   21947 | 100.0 |       0 |      37 | 100.0
   Depths:4 |    2144 |    1240 |  36.6 |       3 |       1 |  25.0
   Depths:5 |   18651 |     279 |   1.5 |      24 |       1 |   4.0
    Abyss:3 |   15420 |   10430 |  40.3 |      33 |      12 |  26.7
    Abyss:5 |   11955 |     549 |   4.4 |      17 |       2 |  10.5
      IceCv |       0 |   12780 | 100.0 |       0 |      46 | 100.0
            +---------+---------+-------+---------+---------+-------
